 Dungeon Crawl Stone Soup version 0.28.0-45-g0d030f2227 (webtiles) character file.

Game seed: 3231992658594648758

336 leafyfresh the Changer (level 6, 0/47 HPs)
             Began as a Draconian Transmuter on Apr 24, 2022.
             Killed by divine providence
             ... invoked by an orc priest
              (11 damage)
             ... on level 4 of the Dungeon.
             The game lasted 00:07:49 (5430 turns).

leafyfresh the Changer (Draconian Transmuter)       Turns: 5430, Time: 00:07:50

Health: 0/47       AC:  2    Str: 12    XL:     6   Next: 28%
Magic:  4/9        EV: 19    Int: 13    God:
Gold:   135        SH:  0    Dex: 21    Spells: 5/9 levels left

rFire   . . .      SeeInvis .     - Unarmed
rCold   . . .      Faith    .   (shield currently unavailable)
rNeg    . . .      Spirit   .   (armour unavailable)
rPois   x          Reflect  .   (helmet currently unavailable)
rElec   .          Harm     .   (cloak currently unavailable)
rCorr   .          Rampage  .   (gloves currently unavailable)
Will    +....                   (boots currently unavailable)
Stlth   +++.......              (no amulet)
HPRegen 0.15/turn               (no ring)
MPRegen 0.11/turn               (no ring)

@: spider-form (expiring)
A: venomous fangs, AC +6, tiny, unfitting armour, (cold-blooded), thin skeletal
structure 1, strong-willed 1
a: End Transformation


You were on level 4 of the Dungeon.
You were a venomous arachnid creature.
You visited 1 branch of the dungeon, and saw 4 of its levels.

You collected 245 gold pieces.
You spent 110 gold pieces at shops.

Inventory:

Hand Weapons
 b - a +1 dagger of protection (melded)
Armour
 l - a +0 pair of boots (melded)
Wands
 n - a wand of polymorph (20)
Scrolls
 a - a scroll of brand weapon {unknown}
 c - a scroll of noise {unknown}
 f - a scroll of immolation {unknown}
 j - a scroll of blinking
Potions
 d - 2 potions of lignification
 e - a potion of cancellation
 g - 3 potions of curing
 h - 2 potions of invisibility {unknown}
 i - a potion of haste {unknown}
 k - 2 potions of brilliance
 m - a potion of might {unknown}


   Skills:
 - Level 1.1 Fighting
 - Level 1.7 Dodging
 - Level 3.0 Unarmed Combat
 - Level 2.0 Spellcasting
 + Level 6.7 Transmutations


You had 5 spell levels left.
You knew the following spells:

 Your Spells              Type           Power      Damage    Failure   Level
a - Beastly Appendage     Tmut           36%        N/A       7%          1
b - Spider Form           Tmut/Pois      10%        N/A       38%         3

Your spell library contained the following spells:

 Spells                   Type           Power      Damage    Failure   Level
 Wereblood                Tmut           18%        N/A       9%          2
 Animate Skeleton         Necr           2%         N/A       47%         1
 Apportation              Tloc           2%         N/A       47%         1
 Magic Dart               Conj           4%         1d3       47%         1
 Summon Small Mammal      Summ           4%         N/A       47%         1
 Searing Ray              Conj           2%         2d4       58%         2
 Ice Form                 Ice/Tmut       10%        N/A       75%         4
 Fulminant Prism          Conj/Hex       0%         3d6       98%         4


Dungeon Overview and Level Annotations

Branches:
Dungeon (4/15)
 Temple: D:4-7

Altars:
Kikubaaqudgha

Shops:
D:1 [   D:2 *   D:4 !


Innate Abilities, Weirdness & Mutations

You are a venomous arachnid creature.
You have poisonous fangs.
You are tiny and dextrous.
Your spellcasting is less reliable in this form.
Your armour is entirely melded.
You are incapable of wielding weapons or throwing items.
((Your plain brown scales are hard. (AC +6)))
You cannot fit into any form of body armour.
((You are cold-blooded and may be slowed by cold attacks.))
You have a somewhat thin skeletal structure. (Dex +2, Stealth+)
You are strong-willed. (Will+)


Message History

The orc closely misses you.
You hit the orc.
Your tail-slap misses the orc.
The orc is moderately wounded.
The orc hits you but does no damage.
Casting: Spider Form (dangerous; 19% risk of failure)
Confirm with . or Enter, or press ? or * to list all spells.
You turn into a venomous arachnid creature.
Your +1 dagger of protection melds into your body.
Your +0 pair of boots melds into your body.
Your +1 dagger of protection goes still.
The orc hits you with a +0 club.
You hit the orc.
The orc is poisoned.
The orc is heavily wounded.
The orc completely misses you.
You barely miss the orc.
The orc is severely wounded.
The orc closely misses you.
You hit the orc.
You kill the orc!
Your magical contamination has completely faded away.
You barely miss the orc wizard.
The orc wizard is moderately wounded.
The orc wizard hits you with a +0 dagger.
You hit the orc wizard.
The orc wizard is poisoned.
The orc wizard is moderately wounded.
The orc wizard completely misses you.
You hit the orc wizard but do no damage.
The orc wizard is moderately wounded.
Your transformation is almost over.
The orc wizard hits you with a +0 dagger.
The orc priest invokes the aid of Beogh against you.
Beogh smites you!
* * * LOW HITPOINT WARNING * * *
You closely miss the orc wizard.
The orc wizard is heavily wounded.
The orc wizard hits you with a +0 dagger.
* * * LOW HITPOINT WARNING * * *
The orc priest calls down the wrath of Beogh upon you.
Beogh smites you!
You die...

####.......#.# +###+###+
+..........#.# # #?....o.#
####......##.# # #...o...#
#.#......##.# #
#+###o###+####.+......'..# #
#.#.......##.#.#......######
#........###...............'
########......###################
.............ooos...............'
########......###################
#......# #...... ######## #.#####
#.##### #....#. ####.#. #.## #...


You could see an orc priest, an orc wizard (very poisoned) and an orc.

Vanquished Creatures
  An orc warrior (D:4)
  An orc priest (D:3)
  A bullfrog skeleton (D:4)
  An iguana (D:4)
  A hound skeleton (D:4)
  Robin (D:3)
  4 adders
  An adder skeleton (D:2)
  3 worms (D:2)
  3 dart slugs
  5 orcs
  5 ball pythons
  4 bats
  5 endoplasms
  A giant cockroach (D:4)
  20 goblins
  10 hobgoblins
  3 frilled lizards (D:1)
  4 kobolds
  7 rats
81 creatures vanquished.

Notes
Turn   | Place    | Note
-------+----------+-------------------------------------------
     0 | D:1      | leafyfresh the Draconian Transmuter began the quest for the
                  | Orb.
     0 | D:1      | Reached XP level 1. HP: 16/16 MP: 3/3
    55 | D:1      | Found a faded altar of an unknown god.
   518 | D:1      | Reached XP level 2. HP: 22/23 MP: 3/5
   705 | D:1      | Reached skill level 3 in Transmutations
   975 | D:1      | Found Micuane's Armour Shoppe.
  1777 | D:2      | Reached XP level 3. HP: 23/28 MP: 4/6
  1781 | D:2      | Learned a level 3 spell: Spider Form
  2281 | D:2      | Reached skill level 4 in Transmutations
  2717 | D:2      | Reached XP level 4. HP: 35/35 MP: 3/7
  2802 | D:2      | Found Vastru's General Store.
  3420 | D:3      | Noticed Robin
  3429 | D:3      | Reached skill level 5 in Transmutations
  3433 | D:3      | Killed Robin
  3931 | D:2      | Bought a potion of mutation for 88 gold pieces
  3931 | D:2      | Bought a scroll of identify for 22 gold pieces
  3931 | D:2      | Gained mutation: You are strong-willed. (Will+) [potion of
                  | mutation]
  3931 | D:2      | Gained mutation: You have a somewhat thin skeletal
                  | structure. (Dex +2, Stealth+) [potion of mutation]
  4095 | D:4      | Reached XP level 5. HP: 38/40 MP: 8/8
  4129 | D:4      | Found an ancient bone altar of Kikubaaqudgha.
  4502 | D:4      | Reached skill level 6 in Transmutations
  4538 | D:4      | Found Qid Ilex's Distillery.
  4582 | D:4      | Noticed an orc warrior
  4613 | D:4      | Killed an orc warrior
  4614 | D:4      | Reached XP level 6. HP: 7/47 MP: 4/9
  5430 | D:4      | Killed from afar by an orc priest

Illustrated notes

Levels and vault maps discovered:
D:1:      wander_arrival_chamber, layout_loops_corners, serial_shops,
          nicolae_diamond_shop, chequers_ecumenical_altar_grove
D:2:      layout_basic, serial_shops, nicolae_shop_behind_doors,
          minmay_misc_feat_roman
D:3:      layout_rooms, uniq_robin
D:4:      layout_basic, mainiacjoe_overflow_six_doors_small,
          mainiacjoe_overflow_24_doors, nicolae_wooded_promenade,
          palyth_stone_intersect, hangedman_decor_peaks_small,
          minmay_goblin_kobold_house

Skill      XL: |  1  2  3  4  5 |
---------------+----------------+-----
Transmutations | 3 4 5 6 |  6.7
Fighting       | |  1.1
Dodging        | |  1.7
Unarmed Combat | |  3.0
Spellcasting   | |  2.0

Action                   |  1- 3 |  4- 6 || total
-------------------------+-------+-------++-------
Melee: Unarmed           |   101 |    60 ||   161
       Kick              |    12 |     7 ||    19
       Tailslap          |    12 |    16 ||    28
       Dagger            |    27 |    88 ||   115
       Headbutt          |     4 |     4 ||     8
       Punch             |     3 |     3 ||     6
 Cast: Beastly Appendage |    12 |     4 ||    16
       Spider Form       |     6 |     9 ||    15
  Use: Scroll            |       |     5 ||     5
       Potion            |       |     1 ||     1
 Stab: Sleeping          |       |     4 ||     4
Armor: Skin              |    22 |    36 ||    58
Dodge: Dodged            |    96 |   102 ||   198
